Map: Dusk Towers

Players

ßlackKniGhT

  • Race: Zerg Zerg
  • League: Master

Miszu - Winner!

  • Race: Terran Terran
  • League: Master

VOD

Have the link to the VOD?

Description

Time

  • Played on: May 2, 2016, 5:01 p.m.
  • Length: 12:49
Show
View Real Time Build Order
Export as new Build Order

ßlackKniGhT Zerg 

Build Orders: Hatch First 

Get SALT Encoding   

  12  0:00  Drone  
  13  0:12  Overlord  
  13  0:18  Drone  
  14  0:26  Extractor, Drone  
  15  0:30  Drone  
  15  0:34  Drone  
  17  0:52  Hatchery  
  17  0:56  Drone  
  17  0:58  Drone  
  18  1:10  Extractor  
  17  1:13  Spawning Pool  
  17  1:15  Drone  
  17  1:21  Drone  
  18  1:28  Drone  
  19  1:41  Drone  
  20  1:54  Overlord  
  20  2:01  Queen  
  20  2:03  Queen  
  20  2:04  Zergling x2  
  20  2:05  Zergling x2  
  26  2:11  Drone  
  26  2:15  Metabolic Boost  
  27  2:16  Drone  
  27  2:21  Drone  
  29  2:25  Drone  
  30  2:34  Drone  
  31  2:43  Drone x2  
  33  2:47  Queen  
  33  2:48  Overlord  
  35  3:01  Hatchery  
  34  3:07  Drone x3  
  34  3:10  Drone x2  
  34  3:11  Drone x2  
  41  3:14  Drone  
  41  3:15  Drone  
  43  3:20  Drone  
  43  3:24  Roach Warren  
  43  3:27  Extractor  
  43  3:29  Overlord  
  43  3:30  Extractor  
  43  3:33  Drone  
  43  3:34  Drone  
  42  3:41  Drone  
  42  3:45  Overlord  
  42  3:47  Drone  
  42  3:48  Drone x3  
  47  3:58  Overlord  
  47  4:01  Drone x3, Spore Crawler  
  49  4:04  Spore Crawler  
  48  4:16  Drone  
  49  4:17  Overlord  
  49  4:19  Overlord  
  49  4:20  Overlord  
  49  4:22  Overlord  
  49  4:24  Roach  
  49  4:25  Roach  
  49  4:27  Roach  
  55  4:31  Spore Crawler  
  55  4:34  Roach  
  56  4:40  Roach x2  
  56  4:41  Roach  
  61  5:06  Roach x8  
  77  5:11  Overlord  
  77  5:12  Roach  
  79  5:23  Overlord  
  79  5:24  Zergling x10  
  83  5:37  Drone  
  83  5:38  Drone  
  83  5:41  Zergling x12  
  83  5:42  Zergling x2  
  92  5:53  Zergling x12  
  97  6:02  Overlord x2  
  95  6:26  Ravager x6  
  95  6:27  Ravager x7  
  95  6:28  Zergling x2  
  95  6:29  Zergling x10  
  95  6:31  Overlord x3  
  114  6:33  Overlord  
  74  6:59  Zergling x10  
  74  7:00  Zergling x14  
  53  7:16  Drone x7  
  60  7:27  Queen  
  62  7:30  Drone  
  62  7:36  Drone x3  
  50  7:55  Drone  
  50  7:56  Drone x8  
  59  8:03  Lair  
  59  8:09  Drone x5  
  64  8:14  Evolution Chamber  
  64  8:18  Drone  
  64  8:19  Drone x3  
  67  8:30  Roach  
  67  8:31  Roach x4  
  77  8:36  Roach  
  77  8:37  Roach  
  77  8:40  Roach x2  
  84  8:45  Zerg Missile Weapons Level 1  
  84  8:46  Roach  
  84  8:47  Roach  
  88  8:49  Roach  
  88  8:51  Ravager x3  
  92  9:03  Ravager x3  
  92  9:04  Zergling x12  
  92  9:05  Zergling x6  
  104  9:22  Zergling x20  
  100  9:38  Glial Reconstitution  
  96  9:39  Drone x4  
  100  9:48  Queen, Evolution Chamber  
  100  9:49  Drone x8  
  109  9:54  Hatchery  
  108  10:01  Extractor  
  108  10:02  Infestation Pit  
  108  10:04  Extractor, Drone x5  
  108  10:05  Extractor, Drone x2  
  111  10:11  Ravager x3  
  111  10:12  Ravager  
  114  10:37  Roach x11  
  134  10:59  Zergling x12  
  134  11:00  Zergling x12  
  134  11:02  Overlord  
  138  11:24  Infestor  
  138  11:25  Infestor x2  
  140  11:26  Roach  
  140  11:27  Roach x9  
  153  11:36  Roach  
  153  11:37  Roach x3  
  144  11:43  Queen  
  109  12:12  Roach x9  
  109  12:15  Hatchery  
  126  12:20  Hatchery  
  126  12:21  Roach x2  
Show
View Real Time Build Order
Export as new Build Order

Miszu Terran - Winner!

Build Orders: Liberator Opening, Reaper Expand, MMM Bio 

Get SALT Encoding   

  12  0:01  SCV  
  13  0:13  SCV  
  14  0:17  Supply Depot  
  14  0:25  SCV  
  15  0:39  SCV  
  15  0:40  Barracks  
  16  0:43  Refinery  
  16  0:51  SCV  
  17  1:03  SCV  
  18  1:15  SCV  
  19  1:27  Orbital Command  
  19  1:28  Reaper  
  20  1:40  Command Center  
  20  1:52  Supply Depot  
  20  1:53  SCV  
  21  2:00  Marine  
  22  2:05  Factory  
  22  2:07  SCV  
  23  2:18  Refinery  
  23  2:19  SCV  
  24  2:24  Barracks Reactor  
  24  2:31  SCV  
  25  2:44  SCV  
  26  2:52  Starport  
  26  2:54  Orbital Command  
  26  2:56  SCV  
  26  3:08  SCV  
  27  3:14  Liberator  
  27  3:15  Factory Tech Lab  
  27  3:16  Marine x2  
  29  3:20  Command Center, SCV  
  29  3:21  SCV  
  31  3:32  SCV  
  31  3:33  SCV  
  36  3:40  Marine x2  
  38  3:44  SCV  
  38  3:46  SCV  
  40  3:52  Siege Tank  
  43  3:56  SCV  
  43  3:57  Supply Depot  
  43  3:58  SCV  
  43  4:02  Liberator  
  45  4:09  SCV  
  46  4:18  Barracks  
  46  4:19  Barracks, SCV  
  46  4:21  SCV  
  51  4:24  Supply Depot  
  51  4:28  Refinery x2  
  51  4:31  SCV  
  51  4:33  Engineering Bay, SCV  
  51  4:34  Engineering Bay  
  53  4:40  Orbital Command  
  53  4:43  SCV  
  54  4:46  SCV  
  54  4:49  Marine  
  54  4:50  Marine  
  57  4:55  SCV  
  58  5:06  Starport Reactor  
  59  5:07  Marine, SCV  
  59  5:10  Marine  
  59  5:11  Barracks Tech Lab x2  
  59  5:12  Terran Infantry Weapons Level 1, Terran Infantry Armor Level 1  
  59  5:13  SCV  
  62  5:18  Barracks  
  62  5:19  SCV  
  62  5:20  Barracks  
  63  5:25  Marine, SCV  
  65  5:28  Marine  
  65  5:31  SCV  
  65  5:32  Orbital Command  
  65  5:33  Supply Depot x2  
  67  5:37  SCV  
  67  5:40  Siege Tank  
  71  5:43  SCV  
  71  5:46  Marine  
  71  5:47  Marine, Medivac  
  71  5:48  Stimpack  
  71  5:49  SCV  
  77  5:54  Medivac  
  77  5:55  SCV  
  80  5:59  SCV  
  80  6:00  Marine  
  80  6:01  SCV  
  80  6:03  Marine  
  83  6:04  Marine x2  
  83  6:07  SCV  
  83  6:08  Supply Depot  
  83  6:09  Supply Depot  
  83  6:10  Barracks Reactor  
  83  6:11  Barracks Reactor, SCV, Armory  
  87  6:14  SCV  
  88  6:19  Marauder  
  88  6:24  Marine, Marauder  
  93  6:30  Marine  
  94  6:34  Siege Tank  
  94  6:35  Combat Shields  
  96  6:40  Marauder  
  96  6:42  Marine  
  96  6:45  Marine  
  87  6:47  Marine  
  87  6:49  Marine  
  87  6:50  Marine  
  89  7:00  Marine  
  84  7:03  Marine x2  
  84  7:05  Marine  
  84  7:06  Marine  
  84  7:08  Marine x3  
  81  7:12  Medivac, Orbital Command  
  85  7:16  SCV  
  85  7:17  Marine, SCV  
  85  7:21  Marine  
  86  7:24  Marauder  
  86  7:27  Marauder  
  86  7:28  SCV  
  91  7:35  Marine  
  91  7:36  Marine x4  
  95  7:38  Marine  
  95  7:39  SCV x2  
  98  7:51  SCV  
  98  7:53  Marine, SCV  
  101  8:00  SCV  
  101  8:02  Supply Depot x2  
  101  8:04  Supply Depot  
  101  8:05  Supply Depot, SCV  
  104  8:06  Supply Depot  
  104  8:07  SCV  
  104  8:09  Terran Infantry Weapons Level 2  
  104  8:12  Terran Infantry Armor Level 2  
  102  8:14  Medivac  
  102  8:16  Marine  
  102  8:17  Marine  
  102  8:18  Marine  
  102  8:19  Marine  
  108  8:20  Marine  
  108  8:24  Marine x3  
  112  8:32  SCV  
  112  8:33  SCV x2  
  115  8:34  Marine x2  
  115  8:36  Marine  
  115  8:37  Marine  
  115  8:38  Marine  
  115  8:40  Siege Tank  
  123  8:41  Marine  
  123  8:43  Medivac  
  123  8:44  SCV  
  123  8:46  Terran Vehicle Weapons Level 1  
  127  8:51  Marine  
  127  8:52  Marine x3  
  127  8:53  Marine  
  127  8:55  Marine  
  132  8:59  Supply Depot  
  127  9:11  Marine, Widow Mine  
  127  9:12  Marine x2  
  122  9:22  Marine, Marauder  
  122  9:24  Marine  
  116  9:33  Marine x5  
  112  9:39  Marine  
  112  9:40  Siege Tank  
  112  9:42  Marine  
  112  9:43  Medivac x2, Barracks  
  112  9:44  Barracks  
  122  9:45  Barracks  
  122  9:50  Marine  
  122  9:51  Marine x3  
  127  9:56  Marauder  
  127  9:57  Marine, Marauder  
  127  9:59  Marine  
  130  10:01  Supply Depot x2  
  131  10:08  Marine  
  131  10:09  Marine  
  131  10:11  Marine  
  131  10:12  Medivac  
  136  10:15  Marine  
  136  10:16  Marine  
  136  10:17  Marine  
  136  10:18  Marauder x2  
  143  10:23  Supply Depot, Siege Tank  
  143  10:24  Supply Depot  
  143  10:26  Marine  
  143  10:27  Marine  
  148  10:28  Marine  
  148  10:32  Barracks Reactor  
  148  10:33  Marine, Barracks Tech Lab x2  
  150  10:40  Marine x3  
  153  10:46  Marine  
  153  10:47  Medivac  
  153  10:49  Medivac  
  158  10:50  Marine x2  
  160  11:00  Marine, Marauder  
  161  11:10  Marine x8, Marauder  
  169  11:13  Marauder  
  169  11:17  Marine  
  171  11:30  Marine x2, Marauder  
  171  11:31  Marine x7, Siege Tank  
  184  11:33  Marine  
  174  11:42  Marine  
  174  11:45  Medivac  
  174  11:48  Marine x7  
  174  11:49  Marine, Marauder  
  174  11:53  Marine, Marauder  
  178  12:05  Marine  
  178  12:07  Marauder  
  181  12:14  Marine x2, Command Center  
Tags
 
Add a new tag
Caveats
  • Supply blocks, unpowered buildings, or Contaminate may cause inaccurate times.
  • Supply counts are checked every 10 seconds.